 Dungeon Crawl Stone Soup version bcrawl-1.21.2-1-g32d02e0829 (webtiles) character file.

Game seed: 589567449401962119

1396 Mrkan the Basher (level 8, -2/71 HPs)
             Began as a Sand Dwarf Fighter on Feb 19, 2020.
             Was an Initiate of Gozag.
             Slain by a troll (7 damage)
             ... on level 4 of the Dungeon.
             The game lasted 00:10:51 (5143 turns).

Mrkan the Basher (Sand Dwarf Fighter)               Turns: 5143, Time: 00:10:52

Health: -2/71      AC: 14    Str: 28    XL:     8   Next: 68%
Magic:  8/8        EV:  8    Int: 12    God:    Gozag
Gold:   43         SH: 11    Dex: 10    Spells: 7/7 levels left

rFire    x . .     SeeInvis .   a - +0 flail
rCold    + . .     Gourm    .   c - +0 shield
rNeg     . . .     Faith    .   o - +0 chain mail
rPois    +         Spirit   .   t - +1 helmet {Int+3}
rElec    +         Reflect  .   (no cloak)
rCorr    .         Harm     .   u - +0 pair of gloves
MR       +....                  (no boots)
Stlth    ..........             (no amulet)
HPRegen  0.21/turn              v - ring "Veike" {rElec rPois}
MPRegen  0.11/turn              q - ring of ice

@: mighty, slow
A: small, slowness 1, armour attunement
a: Potion Petition, Call Merchant, Bribe Branch, Renounce Religion


You were on level 4 of the Dungeon.
You worshipped Gozag.
Gozag was noncommittal.
You were not hungry.

You visited 2 branches of the dungeon, and saw 5 of its levels.

You collected 654 gold pieces.
You spent 470 gold pieces at shops.
You paid 141 gold pieces to Gozag.

Inventory:

Hand Weapons
 a - a +0 flail (weapon)
Armour
 c - a +0 shield (worn)
 o - a +0 chain mail (worn)
 t - a +1 helmet of intelligence (worn)
 u - a +0 pair of gloves (worn)
Jewellery
 q - a ring of ice (right hand)
 v - the ring "Veike" (left hand) {rElec rPois}
   (You bought it in a shop on level 4 of the Dungeon)

   [ring of insulation]

   It insulates you from electricity.
   It protects you from poison.
Wands
 f - a wand of polymorph (9)
Scrolls
 b - a scroll of enchant armour {unknown}
 h - a scroll of amnesia {unknown}
 k - a scroll of remove curse {unknown}
 l - a scroll of teleportation {unknown}
 m - a scroll of immolation {unknown}
 p - 5 scrolls of identify {unknown}
 s - 2 scrolls of enchant weapon {unknown}
Potions
 g - 2 potions of curing {unknown}
 i - a potion of lignification {unknown}
 j - 3 potions of heal wounds
 n - a potion of flight {unknown}
 r - a potion of berserk rage {unknown}
 w - a potion of degeneration {unknown}
Comestibles
 e - 3 rations {!d}


   Skills:
 + Level 6.5 Fighting
 * Level 9.7 Maces & Flails
 + Level 6.6 Armour
 + Level 5.6 Shields


You had 7 spell levels left.
You didn't know any spells.
Your spell library contained the following spells:

 Spells                   Type           Power        Failure   Level  Hunger
 Apportation              Tloc           #.....       80%         1    ##.....
 Infusion                 Chrm           #.......     80%         1    ##.....
 Sandblast                Erth           #.....       80%         1    ##.....
 Slow                     Hex            #.......     80%         1    ##.....
 Summon Butterflies       Summ           #.......     80%         1    ##.....


Dungeon Overview and Level Annotations

Branches:
Dungeon (4/12)             Temple (1/1) D:4

Altars:
Cheibriados
Dithmenos
Elyvilon
Fedhas
Gozag
Hepliaklqana
Kikubaaqudgha
Makhleb
Nemelex Xobeh
Okawaru
Uskayaw
Yredelemnul
The Shining One

Shops:
D:4 =!=


Innate Abilities, Weirdness & Mutations

You are small and have problems with some larger weapons.
You cover ground slowly.
Armour does not affect your spellcasting.


Message History

* * * LOW HITPOINT WARNING * * *
The troll claws you but does no damage. You block the troll's attack.
You closely miss the troll.
The troll is severely wounded.
You block the troll's attack. The troll claws you.
* * * LOW HITPOINT WARNING * * *
You block the troll's attack. The troll bites you but does no damage.
The troll claws you!
* * * LOW HITPOINT WARNING * * *
The troll claws you but does no damage.
You feel very mighty all of a sudden. The troll bites you but does no damage.
You block the troll's attack. The troll claws you but does no damage.
You sock the troll!
The troll is almost dead.
You block the troll's attack. The troll claws you.
* * * LOW HITPOINT WARNING * * *
The troll claws you!
You die...
Your body crumbles into a pile of gold.

..#....##'####..
..###..##.####.#
..# #..#.....#.#
### #.>#####.#.#
.# #### #.#.# .#
#####.#.# .# #
#.......# .#.#
#.###.#######.#.#
#....@T.#...
#######.#$#
#.....# #.#####
#. #


You could see a troll.

Vanquished Creatures
  A troll (D:4)
  Sigmund (D:3)
  A sky beast (D:4)
  An ogre (D:3)
  A centaur (D:4)
  2 vampire bats (D:3)
  A howler monkey (D:4)
  A crimson imp (D:4)
  2 jellies (D:4)
  3 orc wizards (D:4)
  Terence (D:3)
  An orc priest (D:4)
  Natasha (twice) (D:4)
  Ijyb (D:4)
  3 iguanas (D:4)
  3 worker ants
  A hound skeleton (D:4)
  Robin (D:3)
  3 gnolls
  3 adders
  2 oozes (D:3)
  4 worms
  3 dart slugs
  5 leopard geckos
  10 orcs
  2 ball pythons (D:4)
  5 bats (D:1)
  3 bat skeletons (D:3)
  3 bat zombies (D:3)
  2 giant cockroaches
  12 goblins
  9 hobgoblins
  2 jackals
  8 kobolds
  2 quokkas
  6 frilled lizards
  8 rats
119 creatures vanquished.

Notes
Turn   | Place    | Note
-------+----------+-------------------------------------------
     0 | D:1      | Mrkan the Sand Dwarf Fighter began the quest for the Orb.
     0 | D:1      | Reached XP level 1. HP: 19/19 MP: 1/1
   221 | D:1      | Reached XP level 2. HP: 27/27 MP: 2/2
   551 | D:1      | Reached XP level 3. HP: 33/33 MP: 3/3
   591 | D:1      | Reached skill level 4 in Maces & Flails
  1963 | D:3      | Noticed Sigmund
  1982 | D:2      | Reached XP level 4. HP: 27/40 MP: 4/4
  2712 | D:3      | Killed Sigmund
  2712 | D:3      | Reached skill level 6 in Maces & Flails
  2712 | D:3      | Reached XP level 5. HP: 10/47 MP: 5/5
  2712 | D:3      | Reached XP level 6. HP: 12/53 MP: 6/6
  3196 | D:3      | Found a sparkling altar of Nemelex Xobeh.
  3257 | D:3      | Found a burning altar of Makhleb.
  3332 | D:3      | Noticed Robin
  3364 | D:3      | Killed Robin
  3523 | D:3      | Noticed Terence
  3530 | D:3      | Killed Terence
  3572 | D:3      | Found an ancient bone altar of Kikubaaqudgha.
  3589 | D:3      | Reached skill level 5 in Fighting
  3589 | D:3      | Reached skill level 5 in Armour
  3786 | D:3      | Reached skill level 7 in Maces & Flails
  3786 | D:3      | Reached XP level 7. HP: 57/61 MP: 7/7
  3852 | D:3      | Found a glowing golden altar of the Shining One.
  4133 | D:4      | Found a staircase to the Ecumenical Temple.
  4178 | Temple   | Entered the Ecumenical Temple
  4521 | Temple   | Became a worshipper of Gozag Ym Sagoz the Greedy
  4599 | D:4      | Noticed a troll
  4615 | D:4      | Noticed Ijyb
  4634 | D:4      | Reached skill level 8 in Maces & Flails
  4635 | D:4      | Noticed Natasha
  4638 | D:4      | Killed Ijyb
  4646 | D:4      | Killed a troll
  4646 | D:4      | Reached skill level 5 in Shields
  4646 | D:4      | Reached XP level 8. HP: 34/70 MP: 8/8
  4664 | D:4      | Reached skill level 9 in Maces & Flails
  4675 | D:4      | Killed Natasha
  4680 | D:4      | Noticed Natasha
  4684 | D:4      | Found Oschyicia's Jewellery Emporium.
  4694 | D:4      | Killed Natasha
  5024 | D:4      | Found Rufforch's Jewellery Emporium.
  5031 | D:4      | Bought the ring "Veike" {rElec rPois} for 405 gold pieces
  5046 | D:4      | Found Nanon's Distillery.
  5073 | D:4      | Bought a potion of heal wounds for 65 gold pieces
  5115 | D:4      | Noticed a troll
  5143 | D:4      | Slain by a troll

Skill      XL: |  1  2  3  4  5  6  7  8 |
---------------+-------------------------+-----
Maces & Flails | 4 6 7 8 9 |  9.7
Armour         | 4 5 6 |  6.6
Fighting       | 4 5 6 |  6.5
Shields        | 4 5 |  5.6

Action                   |  1- 3 |  4- 6 |  7- 9 || total
-------------------------+-------+-------+-------++-------
Melee: Flail             |   164 |   127 |   180 ||   471
       Unarmed           |       |       |    17 ||    17
  Use: Potion            |       |       |     3 ||     3
  Eat: Chunk             |     4 |     3 |     3 ||    10
       Ration            |       |     1 |     1 ||     2
Armor: Scale mail        |    50 |       |       ||    50
       Chain mail        |    26 |    92 |   100 ||   218
       Skin              |       |       |    12 ||    12
Dodge: Dodged            |    68 |    62 |    90 ||   220
Block: Shield            |   104 |    98 |   110 ||   312
